 Dungeon Crawl Stone Soup version 0.28-a0-834-g1a73be5ee4 (webtiles) character file.

Game seed: 8117779816759390546

221 jasper the Digger (level 5, -1/35 HPs)
             Began as a Demonspawn Earth Elementalist on Nov 11, 2021.
             Slain by a gnoll (7 damage)
             ... on level 3 of the Dungeon.
             The game lasted 00:04:35 (4064 turns).

jasper the Digger (Demonspawn Earth Elementalist)   Turns: 4064, Time: 00:04:36

Health: -1/35      AC:  2    Str:  7 (9)  XL:     5   Next: 65%
Magic:  2/8        EV: 12    Int: 20 (21) God:
Gold:   139        SH:  0    Dex: 12 (13) Spells: 2/8 levels left

rFire   . . .      SeeInvis .   e - +1 short sword (elec)
rCold   . . .      Faith    .   (no shield)
rNeg    . . .      Spirit   .   b - +0 robe
rPois   .          Reflect  .   (no helmet)
rElec   .          Harm     .   (no cloak)
rCorr   .          Rampage  .   (no gloves)
Will    .....                   (no boots)
Stlth   ++........              (no amulet)
HPRegen 0.11/turn               (no ring)
MPRegen 0.11/turn               (no ring)

@: mighty
A: powered by pain 1, big brain 2, weakness stinger 1
a: no special abilities


You were on level 3 of the Dungeon.
You visited 1 branch of the dungeon, and saw 3 of its levels.

You collected 139 gold pieces.

Inventory:

Hand Weapons
 c - a +0 dagger
 e - a +1 short sword of electrocution (weapon)
 g - a +0 hunting sling of freezing
Missiles
 i - 19 stones
Armour
 b - a +0 robe (worn)
Wands
 f - a wand of polymorph (3)
Potions
 a - 2 potions of lignification
 d - a potion of ambrosia {unknown}
 h - a potion of might {unknown}
 j - a potion of brilliance {unknown}
 k - a potion of attraction {unknown}


   Skills:
 - Level 1.7 Dodging
 - Level 1.7 Stealth
 - Level 2.0 Spellcasting
 + Level 2.4 Conjurations
 - Level 0.8 Transmutations
 * Level 5.3 Earth Magic


You had 2 spell levels left.
You knew the following spells:

 Your Spells              Type           Power      Damage    Failure   Level
a - Sandblast             Erth           46%        2d11      1%          1
b - Passwall              Tmut/Erth      11%        N/A       7%          2
c - Stone Arrow           Conj/Erth      34%        3d9       10%         3

Your spell library contained the following spells:

 Spells                   Type           Power      Damage    Failure   Level
 Petrify                  Tmut/Erth      14%        N/A       41%         4
 Tukima's Dance           Hex            2%         N/A       43%         3
 Passage of Golubria      Tloc           2%         N/A       83%         4
 Yara's Violent Unravell  Hex/Tmut       1%         3d3       98%         5


Dungeon Overview and Level Annotations

Branches:
Dungeon (3/15)

Altars:
Cheibriados
Zin


Innate Abilities, Weirdness & Mutations

You sometimes gain a little power by taking damage.
You have an extremely huge brain. (Int +4)
You have a small tail.


Message History

The gnoll is severely wounded.
The gnoll barely misses you.
You hit the gnoll. Lightning courses through the gnoll!
You kill the gnoll!
The giant cockroach closely misses you.
Casting: Stone Arrow (quite dangerous; 10% risk of failure)
Confirm with . or Enter, or press ? or * to list all spells.
The spell is quite dangerous to cast (10% risk of failure)!
Continue anyway?
Aiming: Stone Arrow (quite dangerous; 10% risk of failure)
Press: ? - help, Shift-Dir - straight line, f - giant cockroach
Aim: a giant cockroach (68% to hit)
The stone arrow hits the giant cockroach!!
You kill the giant cockroach!
You now have 5/8 mp.
Casting: Stone Arrow (quite dangerous; 10% risk of failure)
Confirm with . or Enter, or press ? or * to list all spells.
The spell is quite dangerous to cast (10% risk of failure)!
Continue anyway?
Aiming: Stone Arrow (quite dangerous; 10% risk of failure)
Press: ? - help, Shift-Dir - straight line, f - gnoll
Aim: a gnoll, wielding a +0 whip (72% to hit)
The stone arrow hits the gnoll!
The gnoll is heavily wounded.
The gnoll closely misses you.
You now have 2/8 mp.
You hit the gnoll.
The gnoll is severely wounded.
The gnoll hits you with a +0 whip!
* * * LOW HITPOINT WARNING * * *
You focus on the pain.
You feel very mighty all of a sudden.
You take 7 damage, and have 10/35 hp.
You hit the gnoll.
The gnoll is almost dead.
The gnoll hits you with a +0 whip.
* * * LOW HITPOINT WARNING * * *
You take 4 damage, and have 6/35 hp.
You closely miss the gnoll.
The gnoll is almost dead.
The gnoll hits you with a +0 whip!
You die...

### #########_##
#.....##...##
#.....#8...8 #.....#
.g.### #.....###g##.#
##.....#⌠#@##.#
#......'...⌠#.#
###......#⌠#+##.########
#.....>..### #........#
#.##.....#
########.######
#.####...#
#............. #.# #####
########..##### #.#
##.....###)# #.#
####.####.# #)#


You could see 2 gnolls.

Vanquished Creatures
  An orc wizard (D:3)
  Ijyb (D:3)
  Natasha (twice) (D:2)
  A gnoll (D:3)
  4 adders
  An ufetubus (D:3)
  A worm (D:2)
  2 dart slugs
  4 orcs (D:3)
  3 ball pythons
  5 endoplasms
  8 giant cockroaches
  8 goblins
  5 hobgoblins
  2 jackals (D:2)
  2 bats (D:1)
  6 frilled lizards (D:1)
  A kobold (D:2)
  3 rats
60 creatures vanquished.

Notes
Turn   | Place    | Note
-------+----------+-------------------------------------------
     0 | D:1      | jasper the Demonspawn Earth Elementalist began the quest
                  | for the Orb.
     0 | D:1      | Reached XP level 1. HP: 13/13 MP: 3/3
   164 | D:1      | Reached skill level 3 in Earth Magic
   464 | D:1      | Gained mutation: You sometimes gain a little power by
                  | taking damage. [demonic ancestry]
   464 | D:1      | Reached XP level 2. HP: 19/19 MP: 1/5
   467 | D:1      | Learned a level 2 spell: Passwall
  1423 | D:2      | Gained mutation: You have an unusually large brain. (Int
                  | +2) [demonic ancestry]
  1423 | D:2      | Reached XP level 3. HP: 24/24 MP: 2/6
  1470 | D:2      | Learned a level 3 spell: Stone Arrow
  1600 | D:2      | Reached skill level 4 in Earth Magic
  1768 | D:2      | Noticed Natasha
  1797 | D:2      | Killed Natasha
  1798 | D:2      | Reached skill level 1 in Conjurations
  1798 | D:2      | Gained mutation: You have an extremely huge brain. (Int +4)
                  | [demonic ancestry]
  1798 | D:2      | Reached XP level 4. HP: 26/30 MP: 1/7
  2294 | D:2      | Noticed Natasha
  2303 | D:2      | Killed Natasha
  2465 | D:2      | Found a faded altar of an unknown god.
  2925 | D:3      | Gained mutation: You have a small tail. [demonic ancestry]
  2925 | D:3      | Reached XP level 5. HP: 35/35 MP: 1/8
  3123 | D:3      | Reached skill level 5 in Earth Magic
  3286 | D:3      | Noticed Ijyb
  3307 | D:3      | Killed Ijyb
  4052 | D:3      | Found a snail-covered altar of Cheibriados.
  4064 | D:3      | Slain by a gnoll

Illustrated notes

Levels and vault maps discovered:
D:1:      ebering_trefoil_twist, layout_basic, minmay_lizard_pond
D:2:      layout_loops_ring, shapermc_ecumenical_altar_ellora, serial_glass,
          glass_columns_b, glass_columns_a, glass_columns_a, glass_columns_b,
          glass_columns_a, glass_columns_a, glass_columns_b, glass_columns_a,
          glass_columns_b, glass_columns_b, glass_columns_a, glass_columns_b,
          glass_columns_c, glass_columns_b, minmay_indecisive_spiral,
          uniq_natasha
D:3:      layout_basic, lemuel_doored_altar, amethyst_overflow_temple_binary,
          gammafunk_ghost_icy, chequers_hall_statues_corner_a, eino_curves_03,
          minmay_randomly_rotated_circles, uniq_ijyb

Skill      XL: |  1  2  3  4  5 |
---------------+----------------+-----
Earth Magic    | 3 4 5 |  5.3
Conjurations   | 1 2 |  2.4
Dodging        | |  1.7
Stealth        | |  1.7
Spellcasting   | |  2.0
Transmutations | |  0.8

Action                   |  1- 3 |  4- 6 || total
-------------------------+-------+-------++-------
Melee: Unarmed           |    36 |    56 ||    92
       Short sword       |       |    23 ||    23
       Dagger            |       |     8 ||     8
       Tailslap          |       |     1 ||     1
 Cast: Sandblast         |    40 |    22 ||    62
       Stone Arrow       |       |    14 ||    14
  Use: Scroll            |     3 |     3 ||     6
       Potion            |       |     2 ||     2
Armor: Robe              |     7 |     8 ||    15
       Skin              |       |     4 ||     4
Dodge: Dodged            |    25 |    59 ||    84

Table legend: (Time is in decaauts)
 A = Elapsed time spent in this place.
 B = Non-inter-level travel time spent in this place.
 C = Inter-level travel time spent in this place.
 D = Time resting spent in this place.
 E = Time spent auto-exploring this place.
 F = Levels seen in this place.
 G = Mean time per level.
                   A        B        C        D        E       F      G
               +--------+--------+--------+--------+--------+-----+--------+
         Total |   4069 |   4032 |     37 |    697 |   2821 |   3 | 1356.3 |
       Dungeon |   4069 |   4032 |     37 |    697 |   2821 |   3 | 1356.3 |
               +--------+--------+--------+--------+--------+-----+--------+

Top non-repeatable levels by time:
     D:2: 1452 daAuts
     D:1: 1419 daAuts
     D:3: 1198 daAuts
